Map: Acropolis LE

Players

Mez

  • Race: Terran Terran
  • League: Master
  • Spawn Location: 5:00

A.I. 1 (Very Easy) - Winner!

  • Race: Terran Terran
  • Spawn Location: 11:00

VOD

Have the link to the VOD?

Description

Time

  • Played on: Aug. 25, 2019, 11:53 p.m.
  • Length: 5:12
Show
View Real Time Build Order
Export as new Build Order

Mez Terran 

Build Orders: Reaper Expand 

Get SALT Encoding   

  12  0:01  SCV  
  13  0:13  SCV  
  14  0:17  Supply Depot  
  14  0:25  SCV  
  15  0:39  SCV  
  15  0:40  Barracks  
  16  0:45  Refinery  
  16  0:51  SCV  
  17  1:04  SCV  
  18  1:16  SCV  
  19  1:28  Reaper  
  19  1:29  Orbital Command  
  20  1:39  Command Center  
  20  1:48  Supply Depot  
  20  1:54  SCV  
  21  2:02  Marine  
  21  2:07  SCV  
  23  2:12  Factory  
  23  2:14  Refinery  
  23  2:19  SCV  
  24  2:23  Barracks Reactor  
  24  2:31  SCV  
  25  2:43  SCV  
  26  2:52  Orbital Command  
  26  2:57  Starport  
  26  3:03  Hellion x2  
  30  3:10  Supply Depot  
  30  3:11  SCV  
  30  3:12  Barracks Tech Lab  
  31  3:18  SCV  
  31  3:19  Refinery  
  32  3:20  Refinery  
  32  3:23  SCV  
  33  3:28  Hellion x2  
  37  3:38  Fusion Core  
  37  3:43  Starport  
  37  3:46  SCV x2  
  39  3:52  Refinery  
  39  3:54  Refinery  
  39  3:58  SCV x2, Viking  
  43  4:10  SCV  
  43  4:11  SCV  
  45  4:18  Supply Depot  
  45  4:22  SCV  
  45  4:24  Starport Tech Lab  
  46  4:27  SCV  
  47  4:34  SCV  
  48  4:41  SCV  
  55  4:46  SCV  
  56  4:53  SCV  
  56  4:58  SCV  
Show
View Real Time Build Order
Export as new Build Order

A.I. 1 (Very Easy) Terran - Winner!

Build Orders:  

Get SALT Encoding   

  12  0:00  SCV  
  13  0:13  SCV  
  14  0:18  Supply Depot  
  14  0:37  Refinery  
  14  0:42  Barracks  
  14  1:03  Supply Depot  
  14  1:12  Refinery  
  14  1:29  Marine  
  14  1:30  Orbital Command  
  15  1:49  Barracks Tech Lab  
  15  1:55  SCV  
  16  2:07  SCV  
  17  2:16  Marine  
  17  2:20  SCV  
  19  2:32  SCV  
  20  2:44  SCV  
  21  2:56  SCV  
  22  3:03  Marauder  
Tags
 
League
Master
Matchup
TvT
Race
Terran
Replay Pack
Spawningtool_Mez
Spawn Locations
Cross Positions
Add a new tag
Caveats
  • Supply blocks, unpowered buildings, or Contaminate may cause inaccurate times.
  • Supply counts are checked every 10 seconds.